 Dungeon Crawl Stone Soup version 0.22-a0-567-gff9aefc (webtiles) character file.

804 Hebeh the Chopper (level 7, -2/62 HPs)
             Began as a Minotaur Fighter on June 29, 2018.
             Was an Initiate of Trog.
             Succumbed to a gnoll's poison
             ... on level 5 of the Dungeon.
             The game lasted 00:12:36 (4973 turns).

Hebeh the Chopper (Minotaur Fighter)                Turns: 4973, Time: 00:12:37

Health: -2/62      AC: 13    Str: 22    XL:     7   Next: 60%
Magic:  6/6        EV:  4    Int:  5    God:    Trog [......]
Gold:   258        SH: 11    Dex: 10    Spells: 6/6 levels left

rFire    . . .     SeeInvis .   b - +2 flail (protect)
rCold    . . .     Gourm    .   c - +1 shield
rNeg     . . .     Faith    .   e - +0 plate armour
rPois    .         Spirit   .   (helmet restricted)
rElec    .         Reflect  .   (no cloak)
rCorr    .         Harm     .   (no gloves)
MR       .....                  k - +0 pair of boots
Stlth    ..........             (no amulet)
HPRegen  0.20/turn              p - ring of stealth
MPRegen  0.10/turn              (no ring)

@: lethally poisoned (-2 -> -33)
A: retaliatory headbutt, horns 2
a: Renounce Religion


You were on level 5 of the Dungeon.
You worshipped Trog.
Trog was noncommittal.
You were not hungry.

You visited 1 branch of the dungeon, and saw 6 of its levels.

You collected 258 gold pieces.

Inventory:

Hand Weapons
 a - a +1 war axe
 b - a +2 flail of protection (weapon)
Armour
 c - a +1 shield (worn)
 e - a +0 plate armour (worn)
 k - a +0 pair of boots (worn)
Jewellery
 j - a +5 amulet of reflection {unknown}
 l - an uncursed ring of protection from cold {unknown}
 p - a ring of stealth (left hand)
Wands
 m - a wand of disintegration (11)
 q - a wand of flame (14)
 v - a wand of iceblast (5)
Scrolls
 g - a scroll of remove curse
 h - 2 scrolls of enchant armour
 i - 6 scrolls of identify
 x - a scroll of teleportation
Potions
 d - a potion of might
 n - 2 potions of agility {unknown}
 o - 3 potions of brilliance {unknown}
 r - a potion of heal wounds {unknown}
 s - 2 potions of degeneration {unknown}
 t - 2 potions of flight {unknown}
 u - a potion of ambrosia {unknown}
 w - a potion of berserk rage {unknown}
Comestibles
 f - 8 rations
 z - 2 chunks of flesh


   Skills:
 + Level 5.8 Fighting
 * Level 6.8 Axes
 + Level 5.8 Armour
 + Level 5.8 Shields


You had 6 spell levels left.
You didn't know any spells.
Your spell library contained the following spells:

 Spells                   Type           Power        Failure   Level  Hunger
 Magic Dart               Conj           #...         100%        1    ##.....
 Bolt of Magma            Conj/Fire/Erth #.........   100%        5    ######.
 Summon Forest            Summ/Tloc      #.........   100%        5    ######.
 Summon Mana Viper        Hex/Summ       #.......     100%        5    ######.


Dungeon Overview and Level Annotations

Branches:
Dungeon (6/15)
 Temple: D:4-7

Altars:
Kikubaaqudgha
Okawaru
Trog
Uskayaw
Yredelemnul
The Shining One

Shops:
D:4 =   D:6 =


Innate Abilities, Weirdness & Mutations

You reflexively headbutt those who attack you in melee.
You have a pair of horns on your head.


Message History

You feel very sick. The ice beast hits you. The ice beast freezes you!
* * * LOW HITPOINT WARNING * * *
The phantom hits you.
* * * LOW HITPOINT WARNING * * *
You block the gnoll's attack.
You climb upwards.
* * * LOW HITPOINT WARNING * * *
You feel very sick.
There is a stone staircase leading down here.
You are too injured to fight recklessly!
You are too injured to fight recklessly!
You are too injured to fight recklessly!
You are too injured to fight recklessly!
You are too injured to fight recklessly!
You are too injured to fight recklessly!
You are too injured to fight recklessly!
Your plate armour prevents you from hitting the phantom.
The phantom is severely damaged.
You die...

...####'##.....######.####.##...#
####................#.####'##...#
#................'...........#
#................#...........#
#................#.......(....
#................#............
#................#............
#............Y)..#............
#...........W@...#............
####...........g))..###'#########
.....######'###..................
..............#..>...........#.#.
..............#..............._.[
..............#..............#.#.
..............#..................
..##...####...#..................
..##'######...######'##+######...


You could see a phantom, an ice beast and a gnoll.

Vanquished Creatures
  Menkaure (D:5)
  An ogre (D:5)
  A centaur (D:5)
  A scorpion (D:5)
  3 hounds
  An orc priest (D:3)
  An orc wizard (D:3)
  2 iguanas
  Natasha (D:3)
  4 worker ants
  4 gnolls
  4 adders
  An ooze (D:5)
  An adder skeleton (D:4)
  A worm (D:3)
  2 dart slugs (D:4)
  2 leopard geckos
  8 orcs
  5 bats
  7 giant cockroaches
  3 goblins
  3 hobgoblins
  3 jackals (D:1)
  4 kobolds
  2 quokkas
  5 frilled lizards
  2 leopard gecko skeletons
  3 rats
76 creatures vanquished.

Vanquished Creatures (others)
  A rat (D:3)
1 creature vanquished.

Grand Total: 77 creatures vanquished

Notes
Turn   | Place    | Note
-------+----------+-------------------------------------------
     0 | D:1      | Hebeh the Minotaur Fighter began the quest for the Orb.
     0 | D:1      | Reached XP level 1. HP: 19/19 MP: 0/0
   273 | D:1      | Reached XP level 2. HP: 27/27 MP: 1/1
   386 | D:1      | Reached skill level 3 in Axes
   967 | D:2      | Reached XP level 3. HP: 32/33 MP: 2/2
   995 | D:2      | You fall through a shaft!
  1019 | D:3      | Reached skill level 4 in Axes
  1019 | D:3      | Reached XP level 4. HP: 22/40 MP: 3/3
  1468 | D:3      | Noticed Natasha
  1470 | D:3      | Killed Natasha
  1476 | D:3      | Reached XP level 5. HP: 47/47 MP: 4/4
  1985 | D:3      | Found a glowing golden altar of the Shining One.
  1994 | D:3      | Found a basalt altar of Yredelemnul.
  1996 | D:3      | Noticed a profane servitor
  2090 | D:3      | Noticed an angel
  2553 | D:2      | Found an iron altar of Okawaru.
  2859 | D:4      | Found Fonefeatt's Jewellery Emporium.
  2907 | D:4      | Identified Fimyaf Ylly's Catalogue of Conjuration and Calling
  2993 | D:4      | Reached skill level 5 in Axes
  3251 | D:4      | Reached XP level 6. HP: 28/55 MP: 5/5
  3650 | D:4      | Reached skill level 5 in Fighting
  3650 | D:4      | Reached skill level 5 in Armour
  3650 | D:4      | Reached skill level 5 in Shields
  3680 | D:4      | Found an ancient bone altar of Kikubaaqudgha.
  3779 | D:5      | Entered Level 5 of the Dungeon
  3793 | D:5      | Found a hide-covered altar of Uskayaw.
  3835 | D:5      | Got a pair of pitted boots
  3846 | D:5      | Identified the cursed +0 pair of boots "Wuntablal" {rF++ Dex+2 Slay-6} (You found it on level 5 of the Dungeon)
  4025 | D:5      | Reached skill level 6 in Axes
  4025 | D:5      | Reached XP level 7. HP: 61/61 MP: 6/6
  4340 | D:5      | Noticed Menkaure
  4343 | D:5      | Killed Menkaure
  4545 | D:5      | Found a bloodstained altar of Trog.
  4550 | D:5      | Became a worshipper of Trog the Wrathful
  4717 | D:6      | Found Vuinuisi's Jewellery Shoppe.
  4972 | D:5      | HP: 1/62 [poisoned by a gnoll]
  4973 | D:5      | Succumbed to a gnoll's poison

Vault maps used:
D:1:      minmay_arrival_nine_rooms
D:2:      cheibrodos_helix_gallery, marbit_many_paths, first_ration
D:3:      grunt_temple_overflow_holy_war, uniq_natasha
D:4:      kennysheep_mini, serial_shops, nicolae_shop_waterfront
D:5:      lemuel_crystal_altar, lightli_temple_of_fire, uniq_menkaure
D:6:      led_sif_book, minmay_temple_entry_mist, serial_shops, shop, shop,
          shop, shop

Skill      XL: |  1  2  3  4  5  6 |
---------------+-------------------+-----
Axes           | 3 4 5 6 |  6.8
Armour         | 4 5 |  5.8
Shields        | 4 5 |  5.8
Fighting       | 4 5 |  5.8

Action                   |  1- 3 |  4- 6 |  7- 9 || total
-------------------------+-------+-------+-------++-------
Melee: War axe           |    25 |       |       ||    25
       Headbutt          |     8 |    23 |     6 ||    37
       Flail             |     8 |   121 |    39 ||   168
  Use: Scroll            |       |     8 |       ||     8
  Eat: Chunk             |       |    10 |     3 ||    13
Armor: Scale mail        |    18 |    31 |       ||    49
       Plate armour      |       |    15 |    36 ||    51
Dodge: Dodged            |     9 |    25 |    11 ||    45
Block: Shield            |    13 |    64 |    32 ||   109

Table legend:
 A = Spawn XP
 B = Non-spawn XP
 C = Spawn XP percentage of total XP
 D = Spawn monster count
 E = Non-spawn monster count
 F = Spawn count percentage of total count
 G = Total turns spent on level
                    A         B        C        D         E        F      G
               +---------+---------+-------+---------+---------+-------+---------
         Total |       0 |    1149 |   0.0 |       0 |      76 |   0.0 |  4973
               +---------+---------+-------+---------+---------+-------+---------
           D:1 |       0 |      39 |   0.0 |       0 |      15 |   0.0 |   919
           D:2 |       0 |      19 |   0.0 |       0 |      11 |   0.0 |   576
           D:3 |       0 |     194 |   0.0 |       0 |      20 |   0.0 |  1362
           D:4 |       0 |     256 |   0.0 |       0 |      15 |   0.0 |   922
           D:5 |       0 |     609 |   0.0 |       0 |      14 |   0.0 |  1160
           D:6 |       0 |      32 |   0.0 |       0 |       1 |   0.0 |    34
               +---------+---------+-------+---------+---------+-------+---------
